 Dungeon Crawl Stone Soup version 0.29-a0-330-g52719c12eb (webtiles) character file.

Game seed: 18035649083706754464

435 rabbitsville the Quickloader (level 7, 0/40 HPs)
             Began as a Gargoyle Hunter on Apr 12, 2022.
             Was an Initiate of Elyvilon.
             Slain by a scorpion (2 damage)
             ... on level 4 of the Dungeon.
             The game lasted 00:08:03 (2924 turns).

rabbitsville the Quickloader (Gargoyle Hunter)      Turns: 2924, Time: 00:08:04

Health: 0/40       AC: 12    Str: 12 (14) XL:     7   Next: 0%
Magic:  7/7        EV: 10    Int:  9 (10) God:    Elyvilon [......]
Gold:   152        SH:  0    Dex: 12 (15) Spells: 6/6 levels left

rFire   + . .      SeeInvis .   b - +0 dagger (protect)
rCold   . . .      Faith    .   (no shield)
rNeg    + . .      Spirit   .   r - +0 ring mail {rF+}
rPois   ∞          Reflect  .   v - +0 helmet
rElec   +          Harm     .   (no cloak)
rCorr   .          Rampage  .   t - +0 pair of gloves
Will    .....                   u - +0 pair of boots
Stlth   ..........              (no amulet)
HPRegen 0.13/turn               (no ring)
MPRegen 0.10/turn               (no ring)

@: silenced (expiring)
A: sickness immunity, AC +4, negative energy resistance 1, electricity
resistance, torment resistance 1, petrification resistance
a: Renounce Religion


You were on level 4 of the Dungeon.
You worshipped Elyvilon.
Elyvilon was noncommittal.
You visited 1 branch of the dungeon, and saw 4 of its levels.

You collected 152 gold pieces.

Inventory:

Hand Weapons
 a - a +1 hand crossbow
 b - a +0 dagger of protection (weapon)
Missiles
 j - 2 throwing nets
Armour
 e - a +0 leather armour
 r - a +0 ring mail of fire resistance (worn)
 t - a +0 pair of gloves (worn)
 u - a +0 pair of boots (worn)
 v - a +0 helmet (worn)
Wands
 i - a wand of mindburst (11)
 l - a wand of polymorph (1)
Scrolls
 c - 2 scrolls of immolation
 m - 2 scrolls of identify
 s - a scroll of enchant weapon {unknown}
Potions
 g - a potion of degeneration
 q - a potion of brilliance


   Skills:
 - Level 2.1 Fighting
 * Level 8.0 Crossbows
 - Level 1.5 Dodging
 - Level 1.1 Stealth
 + Level 1.2 Invocations


You had 6 spell levels left.
You didn't know any spells.
Your spell library contained the following spells:

 Spells                   Type           Power      Damage    Failure   Level
 Static Discharge         Conj/Air       0%         N/A       80%         2
 Dispel Undead            Necr           0%         3d6       100%        4
 Sticky Flame             Conj/Fire      0%         2d3       100%        4


Dungeon Overview and Level Annotations

Branches:
Dungeon (4/15)
 Temple: D:4-7

Altars:
Elyvilon


Innate Abilities, Weirdness & Mutations

You are immune to sickness and miasma.
Your stone body is resilient. (AC +4)
You are immune to poison.
You resist negative energy. (rN+)
You are resistant to electric shocks. (rElec)
You are resistant to unholy torment.
You are immune to petrification.


Message History

Okay, then.
As you read the scroll labelled LOUWOG EXEANY, it crumbles to dust.
The scroll dissolves into smoke.
It was a scroll of fog.
You feel a little less clever now. The scorpion barely misses you.
The scorpion attacks as you move away! The scorpion misses you.
As you read the scroll labelled DOR XUMUNO ORGH, it crumbles to dust.
You hear a loud clanging noise!
It was a scroll of noise.
You hear a shout!
You hear a bark!
You hear a shout! x2
You hear an angry hiss.
You hear a shout! x3; You hear an angry hiss.
You hear a shout! x7
The scorpion stings you.
* * * LOW HITPOINT WARNING * * *
The scorpion stings you but does no damage.
As you read the scroll labelled TOANKI SASCHOPU, it crumbles to dust.
It is a scroll of amnesia.
You feel forgetful for a moment.
The scorpion stings you but does no damage.
As you read the scroll labelled OXEGGU GIKLYNYE, it crumbles to dust.
A profound silence engulfs you.
It was a scroll of silence.
The scorpion misses you.
Magic scrolls do not work when you're silenced!
The scorpion stings you but does no damage.
A goblin comes into view. It is wielding a +0 dagger.
The scorpion stings you but does no damage.
The scorpion attacks as you move away! The scorpion barely misses you.
A gnoll comes into view. It is wielding a +0 club.
The scorpion barely misses you.
A gnoll comes into view. It is wielding a +0 flail.
A hobgoblin comes into view.
The scorpion stings you but does no damage.
The scorpion attacks as you move away! The scorpion closely misses you.
The scorpion stings you but does no damage.
The goblin hits you with a +0 dagger.
* * * LOW HITPOINT WARNING * * *
The scorpion attacks as you move away! The scorpion closely misses you.
The scorpion barely misses you. The scorpion attacks as you move away!
The scorpion stings you.
You die...

..##### .# ...........# ..
...........# .. ...........#
...........# ########
...........############......####
.................................
............g....................
#.....gg..s@................
#.....§§§§g.............)...
#......§§.§§...........>....
#.....#######'##.....#+#####
#.....# #...#.....+ #.....#
#...#.....# .......# #...#.....#
........# #####.....# ..........
##.....


You could see a scorpion, 2 gnolls, a hobgoblin and a goblin.

Vanquished Creatures
  An ogre (D:4)
  A necrophage (D:2)
  A scorpion (D:4)
  3 orc priests (D:3)
  Jessica (D:3)
  5 adders
  A worm (D:2)
  2 dart slugs
  7 orcs
  2 bats (D:2)
  3 endoplasms
  3 giant cockroaches
  6 goblins
  3 hobgoblins
  2 jackals (D:2)
  8 kobolds
  5 quokkas
  8 ball pythons
  2 frilled lizards (D:2)
  6 rats
70 creatures vanquished.

Notes
Turn   | Place    | Note
-------+----------+-------------------------------------------
     0 | D:1      | rabbitsville the Gargoyle Hunter began the quest for the
                  | Orb.
     0 | D:1      | Reached XP level 1. HP: 12/12 MP: 1/1
    93 | D:1      | Reached XP level 2. HP: 17/17 MP: 2/2
   842 | D:2      | Reached XP level 3. HP: 20/21 MP: 3/3
   883 | D:2      | Reached skill level 5 in Crossbows
  1111 | D:2      | Noticed a necrophage
  1113 | D:2      | Reached XP level 4. HP: 26/26 MP: 4/4
  1447 | D:3      | Noticed Jessica
  1449 | D:3      | Reached skill level 6 in Crossbows
  1455 | D:3      | Reached XP level 5. HP: 19/30 MP: 5/5
  1474 | D:3      | Killed Jessica
  2262 | D:2      | Reached skill level 7 in Crossbows
  2377 | D:2      | Reached XP level 6. HP: 23/35 MP: 6/6
  2693 | D:4      | Found a white marble altar of Elyvilon.
  2734 | D:4      | Became a worshipper of Elyvilon the Healer
  2794 | D:4      | Reached skill level 8 in Crossbows
  2794 | D:4      | Reached skill level 1 in Invocations
  2794 | D:4      | Reached XP level 7. HP: 40/40 MP: 7/7
  2903 | D:4      | HP: 2/40 [scorpion (4)]
  2920 | D:4      | HP: 1/40 [goblin/+0 dagger (3)]
  2924 | D:4      | Slain by a scorpion

Illustrated notes

Levels and vault maps discovered:
D:1:      kennysheep_arrival_seaside, layout_basic
D:2:      layout_loops_ring, minmay_cupped
D:3:      layout_basic, uniq_jessica
D:4:      layout_gridville, mainiacjoe_overflow_catwalk,
          minmay_temple_entry_hall

Skill      XL: |  1  2  3  4  5  6 |
---------------+-------------------+-----
Crossbows      | 5 6 7 8 |  8.0
Invocations    | 1 |  1.2
Fighting       | |  2.1
Dodging        | |  1.5
Stealth        | |  1.1

Action                   |  1- 3 |  4- 6 |  7- 9 || total
-------------------------+-------+-------+-------++-------
Melee: Dagger            |       |       |    28 ||    28
 Fire: Hand crossbow     |    93 |   105 |    23 ||   221
  Use: Scroll            |       |       |     6 ||     6
       Potion            |       |       |     4 ||     4
 Stab: Invisible         |       |       |     1 ||     1
Armor: Leather armour    |    10 |    28 |       ||    38
       Ring mail         |       |    12 |    56 ||    68
Dodge: Dodged            |    18 |    56 |    54 ||   128

Table legend: (Time is in decaauts)
 A = Elapsed time spent in this place.
 B = Non-inter-level travel time spent in this place.
 C = Inter-level travel time spent in this place.
 D = Time resting spent in this place.
 E = Time spent auto-exploring this place.
 F = Levels seen in this place.
 G = Mean time per level.
                   A        B        C        D        E       F      G
               +--------+--------+--------+--------+--------+-----+--------+
         Total |   2980 |   2869 |    111 |    344 |   1840 |   4 |  745.0 |
       Dungeon |   2980 |   2869 |    111 |    344 |   1840 |   4 |  745.0 |
               +--------+--------+--------+--------+--------+-----+--------+

Top non-repeatable levels by time:
     D:3: 1086 daAuts
     D:2: 819 daAuts
     D:1: 802 daAuts
     D:4: 271 daAuts
